 Dungeon Crawl Stone Soup version 0.31.0-10-gcf4a605ca0 (webtiles) character file.

Game seed: 4525183551319830997

8217 Zeor the Thaumaturge (level 11, -1/81 HPs)
             Began as a Deep Elf Hexslinger on Jan 25, 2024.
             Was a Priest of Hepliaklqana.
             Engulfed by a cloud of flame (16 damage)
             ... on level 10 of the Dungeon.
             The game lasted 00:36:34 (7446 turns).

Zeor the Thaumaturge (Deep Elf Hexslinger)          Turns: 7446, Time: 00:36:35

Health: -1/81      AC: 25    Str:  5    XL:     11   Next: 7%
Magic:  13/28      EV:  2    Int: 25    God:    Hepliaklqana [***...]
Gold:   322        SH:  0    Dex: 21    Spells: 17/33 levels left

rFire   . . .        a - +0 orcbow
rCold   . . .        (shield currently unavailable)
rNeg    . . .        j - melded +0 leather armour
rPois   +            t - melded +1 helmet of Mapeuc Nite {Dex+3}
rElec   .            (cloak currently unavailable)
rCorr   .            l - melded +0 pair of gloves
SInv    .            o - melded +2 pair of boots
Will    .....        (no amulet)
Stlth   ++           u - +6 ring of intelligence
HPRegen 0.33/turn    z - ring of poison resistance
MPRegen 0.21/turn

%: no passive effects
@: tree-form, weak-willed
A: stationary, stasis, torment immunity, boosted hp, reduced essence
a: Renounce Religion, Recall Ancestor, Ancestor Identity, Transference


You were on level 10 of the Dungeon.
You worshipped Hepliaklqana.
Hepliaklqana was most pleased with you.
You were a tree.
You visited 2 branches of the dungeon, and saw 11 of its levels.

You collected 595 gold pieces.
You spent 273 gold pieces at shops.

Inventory:

Hand Weapons
 a - a +0 orcbow (weapon)
 b - a +5 scimitar of freezing
 w - a +2 sling of freezing
 A - a +5 short sword
 C - the +8 demon blade "Leech" {evervamp, Harm ^Drain rN+}
   (You found it on level 9 of the Dungeon)

   rN+:       It protects you from negative energy.
   ^Drain:    It drains your maximum health when unequipped.
   Harm:      It increases damage dealt and taken.
 I - a +0 short sword of holy wrath
Missiles
 i - a throwing net
Armour
 j - a +0 leather armour (melded)
 l - a +0 pair of gloves (melded)
 o - a +2 pair of boots (melded)
 r - an orb of energy
 t - the +1 helmet of Mapeuc Nite (melded) {Dex+3}
   (You bought it in a shop on level 5 of the Dungeon)

   Dex+3:     It affects your dexterity (+3).
 y - a +2 robe of cold resistance
 E - +0 swamp dragon scales
Jewellery
 k - a ring of ice
 u - a +6 ring of intelligence (left branch)
 z - a ring of poison resistance (right branch)
 B - a ring of resist corrosion
Wands
 s - a wand of flame (43)
 v - a wand of digging (9)
Scrolls
 c - 2 scrolls of revelation
 g - a scroll of poison
 m - a scroll of teleportation
 q - 3 scrolls of enchant armour
Potions
 e - 3 potions of enlightenment
 f - 2 potions of mutation
 h - 2 potions of brilliance
 n - 2 potions of might
 p - 3 potions of haste
 x - 2 potions of curing
 F - a potion of attraction
 G - a potion of magic
 H - a potion of cancellation


   Skills:
 + Level 3.1 Fighting
 + Level 11.1 Ranged Weapons
 * Level 2.9 Armour
 * Level 7.7 Dodging
 + Level 2.3 Stealth
 * Level 11.7 Spellcasting
 * Level 11.1 Hexes
 + Level 1.6 Translocations
 + Level 3.6 Fire Magic


You had 17 spell levels left.
You knew the following spells:

 Your Spells              Type           Power      Damage    Failure   Level
b - Sigil of Binding      Hex            63%        N/A       1%          3
c - Cause Fear            Hex            31%        N/A       1%          4
d - Dimensional Bullseye  Hex/Tloc       23%        N/A       3%          4
f - Inner Flame           Hex/Fire       51%        N/A       1%          3
j - Jinxbite              Hex            100%       N/A       1%          2

Your spell library contained the following spells:

 Spells                   Type           Power      Damage    Failure   Level
 Irradiate                Conj/Alch      7%         3d14      75%         5
 Ignition                 Fire           16%        3d6       100%        8


Dungeon Overview and Level Annotations

Branches:
Dungeon (10/15)            Temple (1/1) D:4             Orc (0/2) D:10
   Lair: D:8-11

Altars:
Ashenzari
Dithmenos
Elyvilon
Fedhas
Gozag
Hepliaklqana
Kikubaaqudgha
Makhleb
Nemelex Xobeh
Okawaru
Ru
Sif Muna
Trog
Vehumet
Wu Jian
Xom
Yredelemnul
Zin
The Shining One

Shops:
D:5 ((!*=   D:9 (   D:10 (


Message History

Your +0 pair of gloves melds into your body.
Your +2 pair of boots melds into your body.
Your +0 leather armour melds into your body.
Your roots penetrate the ground.
The killer bee stings you but does no damage.
A killer bee comes into view.
The killer bee stings you but does no damage.
Synnove points at the killer bee and mumbles some strange words.
The puff of frost hits the killer bee!
Flame seeps out of the killer bee.
You hear a sizzling sound!
Unknown command.
The killer bee stings you but does no damage. x2
The killer bee stings you but does no damage. x2
The killer bee stings you but does no damage.
The killer bee stings you.
Synnove points at the killer bee and mumbles some strange words.
The puff of frost hits the killer bee!
The killer bee explodes!
The fiery explosion engulfs the killer bee!!
You kill the killer bee!
The fiery explosion engulfs the killer bee!!
You kill the killer bee!
The fiery explosion engulfs you!!!
Ouch! That really hurt!
You hear an angry buzzing noise.
You hear an angry hiss. x2
Okay, then.
Enter note: fuck You are engulfed in blazing flames.
You are engulfed in blazing flames.
The sprites lose interest in your situation.
A killer bee comes into view.
You are engulfed in blazing flames.
* * * LOW HITPOINT WARNING * * *
You are engulfed in blazing flames.
* * * LOW HITPOINT WARNING * * *
You feel much better.
You are engulfed in blazing flames.
* * * LOW HITPOINT WARNING * * *
You are engulfed in blazing flames.
You are engulfed in blazing flames.
You die... ∙∙♣∙P∙∙∙∙∙P ∙∙∙∙ ∙∙∙∙∙∙∙∙∙P∙ ∙∙∙∙ ∙∙∙∙♣∙∙∙∙∙ ∙∙∙∙∙ ∙∙∙∙∙∙∙∙ ▒∙∙∙∙∙∙$▒ ▒∙∙†∙∙ ∙∙∙∙∙∙∙

▒∙∙∙▒▒▒▒ ∙∙∙∙∙∙▒
▒▒∙∙∙∙∙∙▒▒▒
▒∙∙∙∙#○▒▒∙∙∙^∙∙∙∙∙▒▒▒
▒∙∙∙▒▒♣R∙∙∙)∙∙∙∙∙∙∙▒▒
▒∙∙∙▒▒▒∙∙∙∙∙∙∙∙∙∙∙∙∙▒
▒∙∙∙▒▒▒∙∙∙∙∙∙∙∙∙?∙∙∙▒
▒∙∙▒▒∙∙∙∙∙>∙∙∙∙∙∙∙$▒
▒∙∙∙▒∙∙∙∙∙∙∙∙∙∙∙∙∙▒
▒∙∙∙∙∙∙∙∙∙∙∙∙∙∙∙▒▒
▒▒∙∙∙∙∙∙∙∙∙∙∙▒∙∙▒
▒▒▒▒▒▒▒▒▒▒▒▒▒▒▒▒


You could see the friendly Synnove the battlemage.

Vanquished Creatures
  Fannar (D:10)
  Erolcha (D:10)
  Sonja (D:10)
  A troll (D:9)
  A hornet (D:9)
  7 yaks
  A wyvern (D:10)
  A steam dragon (D:6)
  An acid dragon (D:8)
  A water moccasin (D:10)
  2 ice beasts
  A sky beast (D:6)
  2 black bears
  2 centaurs
  A kobold brigand (D:9)
  A scorpion (D:4)
  12 wights
  4 killer bees
  2 electric eels (D:8)
  3 howler monkeys
  A gnoll bouda (D:6)
  A bombardier beetle (D:6)
  A hound (D:5)
  2 orc priests
  A jelly (D:8)
  A sleepcap (D:7)
  Jessica (D:2)
  An iguana (D:5)
  Natasha (twice) (D:2)
  5 orc wizards
  8 gnolls
  6 adders
  A white imp (D:7)
  An ufetubus (D:5)
  2 ribbon worms
  19 orcs
  5 ball pythons
  3 bats
  10 endoplasms
  5 giant cockroaches
  2 goblins (D:2)
  5 hobgoblins
  6 jackals
  11 kobolds
  3 quokkas
  4 frilled lizards (D:2)
  2 goblin skeletons (D:7)
  A hobgoblin zombie (D:7)
  2 kobold skeletons (D:7)
  An orc skeleton (D:7)
  9 rats
168 creatures vanquished.

Vanquished Creatures (collateral kills)
  A komodo dragon (D:10)
  2 wyverns
  2 yaks
  A steam dragon (D:7)
  A wraith (D:9)
  A water moccasin (D:10)
  An orc warrior (D:10)
  A bullfrog (D:9)
  7 wights
  5 killer bees
  3 howler monkeys (D:8)
  An orc priest (D:8)
  A bombardier beetle (D:6)
  A jelly (D:6)
  A hound (D:7)
  2 orcs
  2 kobolds (D:9)
  A hobgoblin zombie (D:7)
  A kobold zombie (D:7)
35 creatures vanquished.

Vanquished Creatures (others)
  A battlemage (D:10)
  An ancestor (D:6)
2 creatures vanquished.

Grand Total: 205 creatures vanquished

Notes
Turn   | Place    | Note
-------+----------+-------------------------------------------
     0 | D:1      | Zeor the Deep Elf Hexslinger began the quest for the Orb.
     0 | D:1      | Reached XP level 1. HP: 11/11 MP: 5/5
   276 | D:1      | Reached XP level 2. HP: 16/16 MP: 6/6
   474 | D:1      | Reached skill level 1 in Fighting
   598 | D:2      | Noticed Jessica
   652 | D:1      | Learned a level 2 spell: Jinxbite
   703 | D:2      | Reached XP level 3. HP: 19/20 MP: 5/8
   767 | D:2      | Learned a level 3 spell: Sigil of Binding
   779 | D:2      | Killed Jessica
   821 | D:2      | Reached XP level 4. HP: 25/25 MP: 7/10
   861 | D:2      | Found a faded altar of an unknown god.
  1014 | D:2      | Noticed Natasha
  1019 | D:2      | Killed Natasha
  1021 | D:2      | Noticed Natasha
  1027 | D:2      | Killed Natasha
  1028 | D:2      | Reached skill level 5 in Ranged Weapons
  1239 | D:2      | Found a burning altar of Makhleb.
  1414 | D:3      | Reached XP level 5. HP: 29/29 MP: 9/12
  1419 | D:3      | Learned a level 4 spell: Cause Fear
  2039 | D:4      | Found a staircase to the Ecumenical Temple.
  2237 | Temple   | Entered the Ecumenical Temple
  2251 | Temple   | Became a worshipper of Hepliaklqana the Forgotten
  2300 | D:4      | Reached XP level 6. HP: 34/34 MP: 9/14
  2326 | D:4      | Learned a level 3 spell: Inner Flame
  2344 | D:4      | Found a glowing silver altar of Zin.
  2643 | D:5      | Entered Level 5 of the Dungeon
  2934 | D:5      | Found Houl Gak's Jewellery Shop.
  2972 | D:5      | Found Zuhagh's Assorted Antiques.
  2976 | D:5      | Bought an ichor-stained helmet for 228 gold pieces
  2976 | D:5      | Identified the +1 helmet of Mapeuc Nite {Dex+3} (You bought
                  | it in a shop on level 5 of the Dungeon)
  3009 | D:5      | Found an opulent altar of Gozag.
  3020 | D:5      | Found Gathryck's Weapon Emporium.
  3037 | D:5      | Noticed an ice beast
  3049 | D:5      | Killed an ice beast
  3050 | D:5      | Reached skill level 5 in Hexes
  3099 | D:5      | Found Iwoci's Distillery.
  3153 | D:5      | Reached skill level 5 in Spellcasting
  3193 | D:5      | Reached XP level 7. HP: 39/39 MP: 14/16
  3280 | D:5      | Learned a level 4 spell: Dimensional Bullseye
  3406 | D:5      | Found Wirrom's Weapon Shop.
  3552 | D:6      | Found an iron altar of Okawaru.
  3617 | D:6      | Reached * piety under Hepliaklqana
  3756 | D:5      | Bought a potion of curing for 45 gold pieces
  3795 | D:6      | Reached skill level 1 in Armour
  3903 | D:6      | Noticed a steam dragon
  3913 | D:6      | Killed a steam dragon
  4029 | D:6      | Reached skill level 1 in Stealth
  4334 | D:6      | Reached XP level 8. HP: 27/39 MP: 19/19
  4719 | D:7      | Reached skill level 5 in Dodging
  4951 | D:7      | Reached ** piety under Hepliaklqana
  4952 | D:7      | Remembered your ancestor Synnove as a battlemage
  5071 | D:7      | Found a glowing golden altar of the Shining One.
  5147 | D:7      | Found a shimmering blue altar of Sif Muna.
  5477 | D:8      | Reached XP level 9. HP: 36/44 MP: 20/22
  6112 | D:8      | Reached skill level 10 in Ranged Weapons
  6372 | D:9      | Found the +8 demon blade "Leech" {evervamp, Harm ^Drain
                  | rN+}
  6441 | D:9      | Reached XP level 10. HP: 48/48 MP: 21/25
  6611 | D:9      | Reached skill level 10 in Hexes
  6670 | D:9      | Reached *** piety under Hepliaklqana
  6696 | D:9      | Reached skill level 10 in Spellcasting
  7188 | D:9      | Found Rowegg's Weapon Boutique.
  7234 | D:10     | Entered Level 10 of the Dungeon
  7234 | D:10     | Noticed Sonja
  7234 | D:10     | Found Foaqaopp's Weapon Boutique.
  7234 | D:10     | Found a staircase to the Orcish Mines.
  7235 | D:10     | Noticed Erolcha
  7241 | D:10     | Killed Sonja
  7251 | D:10     | Killed Erolcha
  7254 | D:10     | Noticed a tengu warrior
  7254 | D:10     | Noticed an ogre mage
  7254 | D:10     | Noticed a cyclops
  7254 | D:10     | Noticed a white ugly thing
  7367 | D:10     | Noticed Fannar
  7380 | D:10     | Killed Fannar
  7414 | D:10     | Reached skill level 1 in Translocations
  7416 | D:10     | Reached XP level 11. HP: 52/54 MP: 24/28
  7440 | D:10     | fuck
  7446 | D:10     | Engulfed by a cloud of flame

Illustrated notes ∙∙♣∙P∙∙∙∙∙P ∙∙∙∙ ∙∙∙∙∙∙∙∙∙P∙ ∙∙∙∙ ∙∙∙∙♣∙∙∙∙∙ ∙∙∙∙∙ ∙∙∙∙∙∙∙∙ ▒∙∙∙∙∙∙$▒ ▒∙∙†∙∙ ∙∙∙∙∙∙∙

▒∙∙∙▒▒▒▒ ∙∙∙∙∙∙▒
▒▒∙∙∙∙∙∙▒▒▒
▒∙∙∙∙##▒▒☼∙∙^∙∙∙∙∙▒▒▒
▒∙∙∙▒▒♣R∙∙∙)∙∙∙∙∙∙∙▒▒
▒∙∙∙▒▒▒##☼∙∙∙∙∙∙∙∙∙∙▒
▒∙∙∙▒▒▒∙∙∙∙∙∙∙∙∙?∙∙∙▒
▒∙∙▒▒∙∙∙∙∙>∙∙∙∙∙∙∙$▒
▒∙∙∙▒∙∙∙∙∙∙∙∙∙∙∙∙∙▒
▒∙∙∙∙∙∙∙∙∙∙∙∙∙∙∙▒▒
▒▒∙∙∙∙∙∙∙∙∙∙∙▒∙∙▒
▒▒▒▒▒▒▒▒▒▒▒▒▒▒▒▒


Turn 7440 on D:10: fuck

Levels and vault maps discovered:
D:1:      roderic_octagonal_star, layout_basic, serial_forest,
          infiniplex_forest_lined_2, infiniplex_forest_lined_corner,
          infiniplex_forest_clump_small, infiniplex_forest_end_2,
          minmay_heptomino_o4
D:2:      layout_basic, ebering_ecumenical_altar_petrified, basic_altar,
          hangedman_decor_push, minmay_between, uniq_natasha, uniq_jessica
D:3:      layout_basic
D:4:      layout_cave_pools, kennysheep_mini_moat, temple_pool_b
D:5:      minmay_skewed_foursquare, layout_basic, lemuel_tele_altar,
          serial_shops, shop, shop, kennysheep_little_box, nicolae_diamond_shop,
          shop
D:6:      layout_gridville, mainiacjoe_overflow_six_doors_small
D:7:      layout_loops_ring, nicolae_tso_besieged_by_evil,
          mainiacjoe_overflow_brackets
D:8:      wander_river, layout_gridville, minmay_misc_feat_pillars,
          minmay_misc_feat_tiny, minivault_14
D:9:      layout_irregular_city, serial_shops, shop
D:10:     layout_cave_pods, lemuel_round_altar, nicolae_uskayaw_en_pointe,
          nicolae_qazlal_scattered_showers, minmay_lair_entry_grove,
          orc_david_3, nicolae_rejected_hall, uniq_sonja, uniq_fannar,
          uniq_erolcha
Temple:   nicolae_temple_ecumenical_triangle

Skill      XL: |  1  2  3  4  5  6  7  8  9 10 |
---------------+-------------------------------+-----
Ranged Weapons | 3 4 5 6 7 9 10 11 | 11.1
Fighting       | 1 2 3 |  3.1
Spellcasting   | 2 3 4 5 6 7 9 11 | 11.7
Dodging        | 3 4 5 6 7 |  7.7
Hexes          | 5 7 9 11 | 11.1
Armour         | 1 2 |  2.9
Stealth        | 1 2 |  2.3
Fire Magic     | 2 3 |  3.6
Translocations | 1 |  1.6

Action                     |  1- 3 |  4- 6 |  7- 9 | 10-12 || total
---------------------------+-------+-------+-------+-------++-------
  Melee: Whip              |       |     3 |       |       ||     3
         Dagger            |       |       |     2 |       ||     2
         Punch             |       |       |     1 |       ||     1
   Fire: Sling             |    76 |   167 |   153 |    44 ||   440
         Orcbow            |       |       |       |    46 ||    46
   Cast: Jinxbite          |     6 |    24 |    24 |    11 ||    65
         Sigil of Binding  |       |     3 |    12 |     5 ||    20
         Inner Flame       |       |       |    15 |    12 ||    27
         Dimensional Bulls |       |       |     2 |     3 ||     5
 Invoke: Ancestor Life: Ba |       |       |     1 |       ||     1
    Use: Scroll            |     3 |    12 |     3 |     4 ||    22
         Potion            |       |       |       |     2 ||     2
 Armour: Robe              |    20 |    14 |       |       ||    34
         Leather armour    |       |    25 |    23 |    11 ||    59
         Skin              |       |       |       |    16 ||    16
  Dodge: Dodged            |    37 |    24 |    15 |    19 ||    95
